AoeStats
← segundogoyenecheg

Arabia

508098602Analyzed
2v2 RM · 12d ago on Sep 20, 2026· 47m 5s· 4 players
Game mode
Random Map
Map size
Medium (4 player)
Population
200
Speed
Normal
Resources
Standard
Victory
Conquest
Starting age
Dark Age
Ending age
Imperial Age
RankedLock teamsTeams togetherTeam positionsShared explorationLock speedFull tech treeHidden civsTurbo modeCheats
Victory
Defeat
🇺🇸 Huns · United States
853
+13
🇺🇸 Japanese · United States
776
+17
🇦🇷 Britons · Argentina
791
-15
🇧🇴 Vikings · Bolivia
789
-15
Ketchup
5:12 Loom
11:46 Feudal Age
12:26 Town Watch
14:46 Gold Mining
14:39 Horse Collar
15:53 Man-at-Arms
24:15 Castle Age
23:33 Stone Mining
24:31 Arson
25:13 Double-Bit Axe
25:32 Heavy Plow
26:10 Gold Shaft Mining
26:00 Town Patrol
26:06 Gambesons
26:23 Squires
31:02 Imperial Age
28:06 Long Swordsman
31:09 Forging
31:01 Scale Mail Armor
31:56 Bow Saw
32:18 Crop Rotation
32:41 Conscription
35:25 Ballistics
36:06 Chemistry
36:33 Elite Berserk
37:15 Chieftains
39:21 Elite Skirmisher
46:58 Iron Casting
46:39 Chain Mail Armor
segundogoyenecheg
9:39 Feudal Age
7:56 Loom
10:41 Double-Bit Axe
20:53 Castle Age
18:58 Gold Mining
21:05 Padded Archer Armor
20:36 Man-at-Arms
21:53 Long Swordsman
24:48 Gambesons
26:02 Stone Mining
26:52 Scale Mail Armor
27:33 Horse Collar
29:56 Elite Skirmisher
29:58 Crossbowman
32:14 Squires
33:46 Wheelbarrow
37:26 Ballistics
37:03 Murder Holes
43:11 Imperial Age
40:57 Hand Cart
41:10 Yeomen
43:47 Pikeman
[PLGRS]socrates'11
11:17 Feudal Age
9:33 Loom
12:17 Double-Bit Axe
16:43 Fletching
17:22 Padded Archer Armor
22:43 Castle Age
22:06 Gold Mining
22:27 Horse Collar
22:56 Elite Skirmisher
23:34 Bodkin Arrow
23:58 Bow Saw
26:15 Bloodlines
26:18 Husbandry
27:38 Leather Archer Armor
31:10 Gold Shaft Mining
30:29 Stone Mining
31:21 Wheelbarrow
31:30 Ballistics
33:13 Hand Cart
35:14 Heavy Plow
38:19 Imperial Age
35:33 Light Cavalry
36:21 Scale Barding Armor
36:26 Forging
36:32 Leather Archer Armor
37:38 Chain Barding Armor
38:22 Cavalier
39:40 Iron Casting
39:40 Conscription
40:46 Two-Man Saw
44:32 Plate Barding Armor
47:20 Blast Furnace
[PLGRS]YaMmEr'23
3:53 Loom
11:51 Feudal Age
18:15 Fletching
24:09 Castle Age
22:45 Padded Archer Armor
23:28 Double-Bit Axe
25:40 Elite Skirmisher
26:44 Bow Saw
30:40 Horse Collar
31:53 Bodkin Arrow
33:11 Gold Mining
33:12 Stone Mining
34:27 Wheelbarrow
35:17 Gold Shaft Mining
36:25 Murder Holes
39:50 Imperial Age
38:21 Hand Cart
39:15 Bloodlines
39:05 Husbandry
38:26 Light Cavalry
45:38 Conscription
45:35 Scale Barding Armor
45:41 Forging
Connection lost

Rejoining the realm…

Still unreachable

The connection could not be restored.

Session expired

The server has moved on; the page needs a fresh start.